 Dungeon Crawl Stone Soup version 0.30-a0-586-g23e55c9e0a (webtiles) character file.

Game seed: 12121975791441050207

19 BlackLaughter the Magician (level 2, 0/15 HPs)
             Began as a Deep Elf Air Elementalist on Jan 3, 2023.
             Killed from afar by Sigmund (4 damage)
             ... with a magic dart
             ... on level 2 of the Dungeon.
             The game lasted 00:06:15 (1330 turns).

BlackLaughter the Magician (DEAE)                   Turns: 1330, Time: 00:06:15

Health: 0/15       AC:  5    Str:  5    XL:     2   Next: 55%
Magic:  3/8        EV:  9    Int: 19    God:
Gold:   0          SH:  0    Dex: 15    Spells: 6/7 levels left

rFire   . . .      SeeInvis .    j - +0 rapier
rCold   . . .      Faith    .    (no shield)
rNeg    . . .      Spirit   .    h - +0 ring mail
rPois   .          Reflect  .    (no helmet)
rElec   .          Harm     .    (no cloak)
rCorr   .          Rampage  .    (no gloves)
Will    .....                    (no boots)
Stlth   ++                       (no amulet)
HPRegen 0.22/turn                d - +4 ring of slaying
MPRegen 0.11/turn                (no ring)

@: very slightly contaminated
A: no striking features
a: no special abilities


You were on level 2 of the Dungeon.
You visited 1 branch of the dungeon, and saw 2 of its levels.

Inventory:

Hand Weapons
 c - a +0 dagger
 j - a +0 rapier (weapon)
Armour
 a - a +0 robe
 h - a +0 ring mail (worn)
Jewellery
 d - a +4 ring of slaying (left hand)
Scrolls
 e - 2 scrolls of torment {unknown}
 k - a scroll of immolation {unknown}
 l - a scroll of amnesia {unknown}
 m - a scroll of magic mapping {unknown}
 n - a scroll of teleportation {unknown}
 p - a scroll of enchant armour {unknown}
Potions
 b - a potion of magic
 f - a potion of degeneration {unknown}
 g - a potion of heal wounds {unknown}
 i - a potion of cancellation {unknown}
 o - a potion of berserk rage {unknown}


   Skills:
 + Level 2.6 Dodging
 + Level 2.5 Stealth
 + Level 3.4 Spellcasting
 + Level 1.3 Conjurations
 + Level 3.4 Air Magic


You had 6 spell levels left.
You knew the following spells:

 Your Spells              Type           Power      Damage    Failure   Level
a - Shock                 Conj/Air       48%        1d6       26%         1

Your spell library contained the following spells:

 Spells                   Type           Power      Damage    Failure   Level
 Static Discharge         Conj/Air       24%        2-3/arc   38%         2
 Swiftness                Air            16%        N/A       45%         3
 Airstrike                Air            8%         2d(2-18)  86%         4


Dungeon Overview and Level Annotations

Branches:
Dungeon (2/15)

Altars:

Annotations:
D:2 Sigmund


Message History

The zap hits Sigmund.
Sigmund is moderately wounded.
Sigmund says, "Now you see me, now you don't..."
Aiming: Shock (safe; 26% risk of failure)
Press: ? - help, Q - select action Shift-Dir - straight line You miscast Shock.
You are very lightly contaminated with residual magic.
Nothing appears to happen.
Aiming: Shock (safe; 26% risk of failure)
Press: ? - help, Q - select action Shift-Dir - straight line
Aiming: Shock (safe; 26% risk of failure)
Press: ? - help, Q - select action Shift-Dir - straight line, f - Sigmund
Aim: Sigmund, wielding a +0 scythe and wearing a +0 robe (moderately wounded, 64% to hit)
The zap hits Sigmund.
Sigmund is moderately wounded.
Sigmund gestures at you while chanting.
You are confused.
Sigmund gestures at you while chanting. The magic dart hits you.
* * * LOW HITPOINT WARNING * * *
Your magical contamination has completely faded away.
You're too confused to cast spells.
You bump into the rock wall.
You feel less confused. Sigmund closely misses you.
Aiming: Shock (safe; 26% risk of failure)
Press: ? - help, Q - select action Shift-Dir - straight line, f/p - Sigmund
Aim: Sigmund, wielding a +0 scythe and wearing a +0 robe (moderately wounded, 64% to hit)
The zap hits Sigmund.
Sigmund is heavily wounded.
Aiming: Shock (safe; 26% risk of failure)
Press: ? - help, Q - select action Shift-Dir - straight line, f/p - Sigmund
Aim: Sigmund, wielding a +0 scythe and wearing a +0 robe (heavily wounded, 64% to hit)
You miscast Shock.
You are very lightly contaminated with residual magic.
Nothing appears to happen.
Sigmund hits you but does no damage. Sigmund gestures at you while chanting.
The magic dart hits you.
You die...

#........##.......#
.........##.......#
................#.#
.#######........#+##
#.............#
#......###....#
#......# #....#
#......# #....#
#......# #@...#
#......# #....###.#
#......###........#
#......#..@.....###
########........#
#..............#
#.........)....###
#................
#######........###


You could see Sigmund.

Vanquished Creatures
  3 bats (D:1)
  3 endoplasms (D:1)
  2 giant cockroaches (D:1)
  A goblin (D:1)
  2 hobgoblins (D:1)
  A frilled lizard (D:1)
  3 kobolds
  A rat (D:2)
16 creatures vanquished.

Notes
Turn   | Place    | Note
-------+----------+-------------------------------------------
     0 | D:1      | BlackLaughter the Deep Elf Air Elementalist began the quest
                  | for the Orb.
     0 | D:1      | Reached XP level 1. HP: 10/10 MP: 6/6
   502 | D:1      | Reached XP level 2. HP: 15/15 MP: 6/8
  1308 | D:2      | Noticed Sigmund
  1330 | D:2      | Killed from afar by Sigmund

Illustrated notes

Levels and vault maps discovered:
D:1:      dpeg_arrival_leaves_temple_mockup, layout_loops_corners
D:2:      layout_basic, serial_shops, shop, shapermc_ecumenical_altar_ellora,
          uniq_sigmund, uniq_terence

Action                   || total
-------------------------++-------
 Cast: Shock             ||    38
Armor: Ring mail         ||     3
Dodge: Dodged            ||     6

Table legend: (Time is in decaauts)
 A = Elapsed time spent in this place.
 B = Non-inter-level travel time spent in this place.
 C = Inter-level travel time spent in this place.
 D = Time resting spent in this place.
 E = Time spent auto-exploring this place.
 F = Levels seen in this place.
 G = Mean time per level.
                   A        B        C        D        E       F      G
               +--------+--------+--------+--------+--------+-----+--------+
         Total |   1328 |   1219 |    109 |      0 |   1103 |   2 |  664.0 |
       Dungeon |   1328 |   1219 |    109 |      0 |   1103 |   2 |  664.0 |
               +--------+--------+--------+--------+--------+-----+--------+

Top non-repeatable levels by time:
     D:1: 1219 daAuts
     D:2: 108 daAuts
